 Dungeon Sprint DCSS version 0.20.1-1-g8b1a95d (webtiles) character file.

641 JustSomeDude the Unseen (level 7, -2/55 HPs)
             Began as a Vampire Assassin on Aug 26, 2017.
             Was an Initiate of Dithmenos.
             Slain by Sonja
             ... wielding a +2 short sword of draining
              (3 damage)
             ... in the Dungeon (Sprint I: "Red Sonja").
             The game lasted 00:02:46 (571 turns).

JustSomeDude the Unseen (Vampire Assassin)           Turns: 571, Time: 00:02:48

Health: -2/55      AC:  3    Str: 10    XL:     7   Next: 26%
Magic:  7/7        EV: 13    Int: 14    God:    Dithmenos [......]
Gold:   270        SH:  0    Dex: 17    Spells: 6/6 levels left

rFire    . . .     SeeInvis +   a - +2 dagger
rCold    . . .     Gourm    .   (no shield)
rNeg     + . .     Faith    .   p - +0 robe {MR+}
rPois    .         Spirit   .   (no helmet)
rElec    .         Reflect  .   d - +0 cloak
rCorr    .         Harm     .   (no gloves)
MR       +....     NoTele   +   (no boots)
Stlth    +++++++...             (no amulet)
Regen    0.2/turn               (no ring)
MPRegen  0.1/turn               (no ring)

@: lethally poisoned (-2 -> -4), flying (expiring), slowed, very slow
A: fangs 3, see invisible, unbreathing
a: Bat Form, Renounce Religion


You were in the Dungeon.
You worshipped Dithmenos.
Dithmenos was noncommittal.
You were not thirsty.

You visited 1 branch You collected 270 gold pieces.

Inventory:

Hand Weapons
 a - a +2 dagger (weapon)
 b - a +0 blowgun
Missiles
 e - 8 poisoned needles
 f - 6 curare-tipped needles
Armour
 c - a +0 robe
 d - a +0 cloak (worn)
 p - a +0 robe of magic resistance (worn)
Wands
 n - a wand of polymorph (4/24)
Scrolls
 m - a scroll of blinking
 q - a scroll of identify {unknown}
 r - a scroll of random uselessness {unknown}
Potions
 g - a potion of blood
 h - a potion of curing
 k - 2 potions of magic


   Skills:
 + Level 4.9 Fighting
 + Level 5.9 Short Blades
 + Level 4.3 Throwing
 + Level 2.5 Dodging
 + Level 18.2 Stealth
 + Level 4.1 Unarmed Combat


You had 6 spell levels left.
You didn't know any spells.

Dungeon Overview and Level Annotations

Branches:
Dungeon (1/1)

Altars:
Cheibriados
Dithmenos
Elyvilon
Fedhas
Gozag
Hepliaklqana
Kikubaaqudgha
Makhleb
Nemelex Xobeh
Okawaru
Qazlal
Ru
Sif Muna
Trog
Uskayaw
Vehumet
Xom
Yredelemnul
Zin
The Shining One
Jiyva
Lugonu

Shops:
D *

Annotations:
D Sonja


Innate Abilities, Weirdness & Mutations

You have razor-sharp teeth.
You have supernaturally acute eyesight. (SInv)
You can survive without breathing.


Message History

Sonja is lightly wounded.
You feel sick.
Sonja casts a spell.
Sonja blinks!
You see here 27 gold pieces.
You now have 270 gold pieces (gained 27).
You feel sick.
You hit Sonja.
Sonja is moderately wounded.
You are starting to lose your buoyancy.
Sonja hits you with an uncursed short sword of draining!
* * * LOW HITPOINT WARNING * * *
Sonja misses you. Sonja barely misses you.
You completely miss Sonja. Your bite misses Sonja.
Sonja is moderately wounded.
You feel sick.
Sonja hits you with an uncursed short sword of draining.
* * * LOW HITPOINT WARNING * * *
Sonja hits you with an uncursed short sword of draining.
You die...

#).#####'#####'#__#
#..####..# #.####
#..#__#### ##.#
#..#____K##+#..+
#⌠⌠#_.∩...'..._#
####_..__##_.#'#
#_____###'#.#
#########K### +@..+
#...# ##.## #+#


You could see Sonja.

Vanquished Creatures
  A slime creature (D)
  Sigmund (D)
  A yak (D)
  An ogre (D)
  A jelly (D)
  Ijyb (D)
6 creatures vanquished.

Vanquished Creatures (others)
  A gargoyle (D)
1 creature vanquished.

Grand Total: 7 creatures vanquished

Notes
Turn   | Place    | Note
-------+----------+-------------------------------------------
     0 | D        | JustSomeDude the Vampire Assassin began the quest for the Orb.
     0 | D        | Reached XP level 1. HP: 16/16 MP: 1/1
     1 | D        | Noticed Ijyb
    36 | D        | Killed Ijyb
    36 | D        | Reached skill level 9 in Stealth
    36 | D        | Reached skill level 1 in Unarmed Combat
    36 | D        | Reached XP level 2. HP: 3/22 MP: 2/2
   197 | D        | Killed a gargoyle
   302 | D        | Noticed an ogre
   304 | D        | Killed an ogre
   304 | D        | Reached skill level 12 in Stealth
   304 | D        | Reached XP level 3. HP: 29/29 MP: 3/3
   304 | D        | Reached XP level 4. HP: 35/35 MP: 4/4
   307 | D        | Noticed Sigmund
   328 | D        | Killed Sigmund
   328 | D        | Reached skill level 15 in Stealth
   328 | D        | Reached XP level 5. HP: 25/42 MP: 1/5
   328 | D        | Reached XP level 6. HP: 28/48 MP: 1/6
   454 | D        | Found a deep blue altar of Sif Muna.
   456 | D        | Found a radiant altar of Vehumet.
   490 | D        | Found a burning altar of Makhleb.
   490 | D        | Found a viscous altar of Jiyva.
   490 | D        | Found a shimmering altar of Xom.
   490 | D        | Found a corrupted altar of Lugonu.
   490 | D        | Noticed a slime creature
   493 | D        | Killed a slime creature
   493 | D        | Reached skill level 5 in Short Blades
   493 | D        | Reached skill level 17 in Stealth
   501 | D        | Found Laimakuf's General Store.
   501 | D        | Found an ancient bone altar of Kikubaaqudgha.
   501 | D        | Found a hazy altar of Hepliaklqana.
   501 | D        | Found a stormy altar of Qazlal.
   501 | D        | Found a hide-covered altar of Uskayaw.
   501 | D        | Found a blossoming altar of Fedhas.
   501 | D        | Found a bloodstained altar of Trog.
   501 | D        | Found an iron altar of Okawaru.
   501 | D        | Found a basalt altar of Yredelemnul.
   501 | D        | Found a glowing golden altar of the Shining One.
   501 | D        | Found a snail-covered altar of Cheibriados.
   501 | D        | Found a sacrificial altar of Ru.
   501 | D        | Found a glowing silver altar of Zin.
   501 | D        | Found a shadowy altar of Dithmenos.
   501 | D        | Found a white marble altar of Elyvilon.
   501 | D        | Noticed a yak
   502 | D        | Found an opulent altar of Gozag.
   503 | D        | Killed a yak
   503 | D        | Reached skill level 18 in Stealth
   503 | D        | Reached XP level 7. HP: 54/55 MP: 7/7
   504 | D        | Found a sparkling altar of Nemelex Xobeh.
   510 | D        | Became a worshipper of Dithmenos the Shadowed
   530 | D        | Noticed Sonja
   571 | D        | HP: 1/55 [Sonja/uncursed short sword of draining (6)]
   571 | D        | Slain by Sonja

Skill      XL: |  1  2  3  4  5  6 |
---------------+-------------------+-----
Fighting       | 2 3 4 |  4.9
Throwing       | 2 3 4 |  4.3
Stealth        | 9 12 15 18 | 18.2
Unarmed Combat | 1 2 3 4 |  4.1
Short Blades   | 3 4 5 |  5.9
Dodging        | 2 |  2.5

Action                   |  1- 3 |  4- 6 |  7- 9 || total
-------------------------+-------+-------+-------++-------
Melee: Unarmed           |    26 |       |       ||    26
       Dagger            |     4 |    26 |    19 ||    49
       Bite              |     1 |     2 |     1 ||     4
  Use: Potion            |       |       |     5 ||     5
 Stab: Sleeping          |     1 |     2 |       ||     3
Armor: Robe              |       |     2 |     8 ||    10
Dodge: Dodged            |     6 |     7 |    24 ||    37
